 Dungeon Crawl Stone Soup version 0.30-a0-49-g1cef19eb02 (webtiles) character file.

Game seed: 10876536662508949511

56326 xSliceyx the Spry (level 14, 75/88 HPs)
             Began as a Deep Elf Conjurer on June 17, 2022.
             Was a High Priest of Vehumet.
             Quit the game on level 2 of the Orcish Mines on Sept 2, 2022.
             The game lasted 02:04:21 (26792 turns).

xSliceyx the Spry (Deep Elf Conjurer)              Turns: 26792, Time: 02:04:21

Health: 75/88      AC: 10    Str:  4    XL:     14   Next: 41%
Magic:  5/36       EV: 27    Int: 27    God:    Vehumet [*****.]
Gold:   850        SH:  0    Dex: 22    Spells: 2/45 levels left

rFire   + + +      SeeInvis .    m - +7 long sword "Spiderbane" {flame, rN+ Dex+2}
rCold   . . .      Faith    .    (no shield)
rNeg    + . .      Spirit   .    w - +2 robe {rF+}
rPois   .          Reflect  .    y - +0 helmet
rElec   .          Harm     .    s - +0 cloak
rCorr   .          Rampage  .    Y - +0 pair of gloves of Broken Taboos {rF+ Int-2 Dex+3}
Will    ++...                    U - +2 pair of boots
Stlth   +++.......               k - amulet "Unkutucw" {Acrobat rF+ Dex+4}
HPRegen 0.24/turn                X - ring of willpower
MPRegen 0.25/turn                R - ring of wizardry

@: no status effects
A: no striking features
a: Renounce Religion


You were on level 2 of the Orcish Mines.
You worshipped Vehumet.
Vehumet was extremely pleased with you.
You visited 5 branches of the dungeon, and saw 21 of its levels.

You collected 1933 gold pieces.
You spent 1083 gold pieces at shops.

Inventory:

Hand Weapons
 m - the +7 long sword "Spiderbane" (weapon) {flame, rN+ Dex+2}
   (You found it on level 2 of the Dungeon)

   It burns those it strikes, dealing additional fire damage.
   Big, fiery blades are also staple armaments of hydra-hunters.
   Dex:       It affects your dexterity (+2).
   rN:        It protects you from negative energy.
Missiles
 d - 40 poisoned darts
 e - 6 silver boomerangs
 T - 2 curare-tipped darts
Armour
 s - a +0 cloak (worn)
 w - a +2 robe of fire resistance (worn)
 y - a +0 helmet (worn)
 U - a +2 pair of boots (worn)
 Y - the +0 pair of gloves of Broken Taboos (worn) {rF+ Int-2 Dex+3}
   (You found it on level 1 of the Lair of Beasts)

   Int:       It affects your intelligence (-2).
   Dex:       It affects your dexterity (+3).
   rF:        It protects you from fire.
Jewellery
 j - a ring of protection from cold
 k - the amulet "Unkutucw" (around neck) {Acrobat rF+ Dex+4}
   (You bought it in a shop on level 7 of the Dungeon)

   [amulet of the acrobat]

   It increases your evasion while moving and waiting.
   Dex:       It affects your dexterity (+4).
   rF:        It protects you from fire.
 J - a ring of protection from fire
 O - a ring of see invisible
 R - a ring of wizardry (right hand)
 X - a ring of willpower (left hand)
Wands
 B - a wand of iceblast (15)
 D - a wand of flame (32)
 H - a wand of light (6)
 V - a wand of digging (5)
Scrolls
 g - 3 scrolls of poison
 i - 10 scrolls of blinking
 l - 2 scrolls of amnesia
 n - 3 scrolls of summoning {unknown}
 o - 9 scrolls of teleportation
 t - a scroll of magic mapping
 x - 7 scrolls of identify
 C - 4 scrolls of fear
 G - 2 scrolls of fog {unknown}
Potions
 b - a potion of magic
 c - 2 potions of mutation
 f - 2 potions of invisibility
 h - 9 potions of might
 q - a potion of berserk rage {unknown}
 r - 4 potions of heal wounds
 u - 4 potions of flight
 v - 2 potions of haste
 z - 5 potions of curing
 F - a potion of attraction
 I - a potion of ambrosia
 K - 2 potions of brilliance
 P - 2 potions of resistance
Miscellaneous
 Q - a phantom mirror


   Skills:
 - Level 10.0 Fighting
 + Level 18.3 Dodging
 - Level 3.0 Stealth
 - Level 16.0 Spellcasting
 - Level 13.0 Conjurations
 - Level 4.0 Necromancy


You had 2 spell levels left.
You knew the following spells:

 Your Spells              Type           Power      Damage    Failure   Level
a - Magic Dart            Conj           100%       1d8       0%          1
b - Searing Ray           Conj           100%       2d8       0%          2
c - Poisonous Vapours     Pois/Air       42%        N/A       1%          2
d - Fulminant Prism       Conj/Hex       27%        3d14      1%          4
e - Dazzling Flash        Conj/Hex       100%       N/A       1%          3
f - Iskenderun's Mystic   Conj/Tloc      54%        2d12      1%          4
g - Foxfire               Conj/Fire      100%       2x1d9     1%          1
h - Sublimation of Blood  Necr           43%        N/A       1%          2
i - Necrotise             Necr           100%       1d9       1%          1
j - Conjure Flame         Conj/Fire      54%        6-21      1%          3
k - Flame Wave            Conj/Fire      54%        2d13      1%          4
l - Mephitic Cloud        Conj/Pois/Air  45%        N/A       1%          3
m - Freezing Cloud        Conj/Ice/Air   22%        6-21      1%          5
n - Ignite Poison         Fire/Tmut/Pois 21%        N/A       1%          3
o - Lightning Bolt        Conj/Air       27%        1d43      1%          5

Your spell library contained the following spells:

 Spells                   Type           Power      Damage    Failure   Level
 Ozocubu's Refrigeration  Ice            10%        4d9       82%         7
 Slow                     Hex            84%        N/A       1%          1
 Wereblood                Tmut           21%        N/A       1%          2
 Inner Flame              Hex/Fire       21%        N/A       1%          3
 Vampiric Draining        Necr           43%        2d9       1%          3
 Call Canine Familiar     Summ           21%        N/A       2%          3
 Confusing Touch          Hex            21%        N/A       2%          3
 Portal Projectile        Hex/Tloc       42%        N/A       2%          3
 Tukima's Dance           Hex            21%        N/A       2%          3
 Agony                    Necr           43%        N/A       4%          5
 Corpse Rot               Necr/Pois/Air  28%        N/A       5%          4
 Animate Armour           Summ/Erth      42%        N/A       9%          4
 Cause Fear               Hex            10%        N/A       9%          4
 Summon Lightning Spire   Summ/Air       21%        N/A       9%          4
 Blade Hands              Tmut           10%        N/A       26%         5
 Enfeeble                 Hex            10%        N/A       99%         7
 Storm Form               Tmut/Air       10%        N/A       99%         7
 Summon Hydra             Summ           10%        N/A       99%         7
 Discord                  Hex            10%        N/A       100%        8
 Maxwell's Capacitive Co  Air            10%        ∞         100%        8
 Shatter                  Erth           10%        3d12*     100%        9


Dungeon Overview and Level Annotations

Branches:
Dungeon (11/15)            Temple (1/1) D:5            Lair (6/6) D:10
 Shoals (0/4) Lair:3        Snake (0/4) Lair:2        Slime (0/5) Lair:6
    Orc (2/2) D:11            Elf (1/3) Orc:2

Altars:
Ashenzari
Cheibriados
Dithmenos
Elyvilon
Fedhas
Gozag
Hepliaklqana
Kikubaaqudgha
Makhleb
Nemelex Xobeh
Okawaru
Qazlal
Ru
Sif Muna
Trog
Uskayaw
Vehumet
Wu Jian
Xom
Yredelemnul
Zin
The Shining One
Jiyva

Shops:
D:5 :   D:7 =(=(   Orc:2 ?

Annotations:
Orc:2 3 runed translucent doors, Sylvie's ghost, journeyman FoFi


Message History

The orc high priest is engulfed in freezing vapours.
The searing ray hits the orc high priest!
The orc high priest is severely wounded.
The orc high priest mumbles some strange prayers to Beogh.
The searing ray misses the orc high priest.
Casting: Searing Ray (safe; 0% risk of failure)
Confirm with . or Enter, or press ? or * to list all spells.
You erupt in a blast of force!
The mystic blast hits the red devil.
The red devil is lightly wounded.
The red devil is knocked back by the mystic blast.
The mystic blast hits the orc high priest!
The orc high priest is almost dead.
The orc high priest is knocked back by the mystic blast.
You hear a shout! x2
Casting: Iskenderun's Mystic Blast (safe; 1% risk of failure)
Confirm with . or Enter, or press ? or * to list all spells.
Aiming: Necrotise (safe; 1% risk of failure)
Press: ? - help, Shift-Dir - straight line, f/p - orc high priest
Aim: an orc high priest, wielding a +0 hand axe and wearing a +0 leather armour (almost dead, chance to affect: 52%)
The orc high priest resists with significant effort.
The red devil is engulfed in freezing vapours.
The orc high priest invokes the aid of Beogh against you.
Beogh smites you!
An orc sorcerer comes into view. It is wielding a +0 dagger.
Casting: Necrotise (safe; 1% risk of failure)
Confirm with . or Enter, or press ? or * to list all spells.
Aiming: Necrotise (safe; 1% risk of failure)
Press: ? - help, Shift-Dir - straight line, f/p - orc high priest
Aim: an orc high priest, wielding a +0 hand axe and wearing a +0 leather armour (almost dead, chance to affect: 52%)
The orc high priest writhes in agony!
You kill the orc high priest!
Vehumet accepts your kill.
You feel your power returning.
The red devil disappears in a puff of smoke!
The dead are walking!
Level annotation: 3 runed translucent doors, Sylvie's ghost, journeyman FoFi Welcome back, xSliceyx the Deep Elf Conjurer.
Vehumet says: Let it end in hellfire!
Press ? for a list of commands and other information.
Are you sure you want to abandon this character and quit the game? (Confirm with "yes".)

## ### ##.## ##.## #...###
###...# #.....## ##....##
##......###.....## ###
#........#.......#####.##
##....#.#.........##....#
.#.....#................##
.##....##.....##@....#...#
.........#............#.##
....#.......[....[.>[#...#
.....#..................##
..........o.§§Z..†...[.......#
...........§§☼..#....[........
..........☼☼§○.......[.#..##..
...........................# #
.......... ....#..)###..#.##


You could see an orc sorcerer (ally target) and a friendly orc high priest
skeleton.

Vanquished Creatures
  Azrael (Orc:2)
  4 hydras
  A boulder beetle (Lair:2)
  A catoblepas (Lair:4)
  3 two-headed ogres
  6 death yaks
  2 orc high priests
  Amaemon (Lair:2)
  Sonja (D:10)
  A skeletal warrior (D:8)
  A goliath frog (Lair:6)
  3 orc knights (Orc:1)
  Pikel (D:7)
  5 orc sorcerers
  A cyclops (Orc:2)
  A manticore (D:11)
  8 black mambas
  An orange demon (Lair:2)
  A gargoyle (D:11)
  A torpor snail (Lair:3)
  22 cane toads
  5 komodo dragons
  An unseen horror (D:10)
  2 rime drakes (Lair:6)
  3 trolls
  3 polar bears
  Grinder (D:4)
  3 tyrant leeches (Lair:6)
  2 hornets
  33 blink frogs
  A blink frog (shapeshifter) (D:11)
  3 shadows
  2 basilisks (Lair:6)
  4 wraiths
  36 yaks
  2 wyverns
  A fire elemental (Orc:2)
  Eustachio (D:6)
  5 vampire mosquitoes (Lair:6)
  3 wargs
  5 hell hounds (Orc:2)
  15 water moccasins
  Duvessa (D:4)
  19 orc warriors
  A swamp drake (D:11)
  2 black bears
  An ice beast (D:6)
  4 ogres
  6 wolves
  2 centaurs
  A lemure (D:7)
  3 kobold brigands
  Blork the orc (D:6)
  20 bullfrogs
  A gnoll sergeant (D:6)
  A necrophage (D:7)
  4 scorpions
  11 wights
  Dowan (D:4)
  16 killer bees
  4 electric eels
  9 howler monkeys
  2 quasits (D:5)
  10 hounds
  8 orc priests
  2 gnoll boudas
  A jelly (D:5)
  3 iguanas
  Terence (D:3)
  14 orc wizards
  Natasha (thrice) (D:2)
  18 gnolls
  7 adders
  A shadow imp (D:5)
  4 white imps
  An ufetubus (D:7)
  5 dart slugs
  3 worms (D:2)
  59 orcs
  7 endoplasms
  4 giant cockroaches
  4 hobgoblins
  4 jackals (D:1)
  19 kobolds
  3 quokkas
  4 ball pythons
  7 bats
  8 frilled lizards
  7 goblins
  4 rats
  A bush (Lair:6)
  A butterfly (Lair:1)
520 creatures vanquished.

Vanquished Creatures (collateral kills)
  A centaur (D:9)
1 creature vanquished.

Vanquished Creatures (others)
  A bullfrog (Lair:4)
  A bush (Lair:2)
  A demonic plant (D:5)
  91 fulminant prisms
  45 fungi
  109 plants
248 creatures vanquished.

Grand Total: 769 creatures vanquished

Notes
Turn   | Place    | Note
-------+----------+-------------------------------------------
     0 | D:1      | xSliceyx the Deep Elf Conjurer began the quest for the Orb.
     0 | D:1      | Reached XP level 1. HP: 10/10 MP: 6/6
   192 | D:1      | Found a faded altar of an unknown god.
   378 | D:1      | Reached XP level 2. HP: 15/15 MP: 5/8
   393 | D:1      | Learned a level 2 spell: Searing Ray
  1281 | D:2      | Reached XP level 3. HP: 19/19 MP: 7/10
  1356 | D:2      | Learned a level 2 spell: Poisonous Vapours
  1579 | D:2      | Reached skill level 5 in Conjurations
  1801 | D:2      | Identified the +7 long sword "Spiderbane" {flame, rN+
                  | Dex+2}
  1893 | D:2      | Reached XP level 4. HP: 24/24 MP: 3/12
  2121 | D:2      | Noticed Natasha
  2124 | D:2      | Killed Natasha
  2125 | D:2      | Reached skill level 5 in Spellcasting
  2585 | D:2      | Noticed Natasha
  2592 | D:2      | Killed Natasha
  2593 | D:2      | Reached XP level 5. HP: 21/28 MP: 4/14
  2698 | D:2      | Noticed Natasha
  2705 | D:2      | Killed Natasha
  3191 | D:3      | Reached XP level 6. HP: 32/32 MP: 4/17
  3580 | D:3      | Noticed Terence
  3584 | D:3      | Killed Terence
  4082 | D:4      | Learned a level 4 spell: Fulminant Prism
  4086 | D:4      | Learned a level 3 spell: Dazzling Flash
  4091 | D:4      | Learned a level 4 spell: Iskenderun's Mystic Blast
  4498 | D:4      | Noticed Duvessa
  4508 | D:4      | Noticed Dowan
  4512 | D:4      | Killed Duvessa
  4513 | D:4      | Reached XP level 7. HP: 11/36 MP: 6/19
  4806 | D:4      | Killed Dowan
  5038 | D:4      | Noticed Grinder
  5047 | D:4      | Killed Grinder
  5411 | D:5      | Entered Level 5 of the Dungeon
  5415 | D:5      | Reached XP level 8. HP: 39/41 MP: 15/20
  5419 | D:5      | Reached skill level 10 in Conjurations
  5576 | D:5      | Found Acoinnow's Book Shop.
  6045 | D:5      | Found a staircase to the Ecumenical Temple.
  6053 | Temple   | Entered the Ecumenical Temple
  6152 | Temple   | Became a worshipper of Vehumet
  6440 | D:5      | Got Zedghiaf's Incunabulum of the Rocks and the Entourage
  6769 | D:6      | Noticed Blork the orc
  6769 | D:6      | Noticed Eustachio
  6775 | D:6      | Killed Blork the orc
  6775 | D:6      | Killed Eustachio
  7143 | D:6      | Reached XP level 9. HP: 45/45 MP: 14/21
  7633 | D:6      | Reached * piety under Vehumet
  7633 | D:6      | Offered knowledge of Foxfire by Vehumet.
  8051 | D:6      | Learned a level 1 spell: Foxfire
  8137 | D:7      | Reached skill level 1 in Fighting
  8258 | D:7      | Noticed Pikel
  8263 | D:7      | Killed Pikel
  8378 | D:7      | Found Beitie's Antique Weapon Shoppe.
  8617 | D:7      | Reached skill level 5 in Fighting
  8749 | D:7      | Reached skill level 3 in Dodging
  8831 | D:7      | Reached skill level 4 in Dodging
  9112 | D:7      | Found Azxa's Jewellery Shop.
  9178 | D:7      | Found Ackat's Antique Weapon Shoppe.
  9261 | D:7      | Found Oleu's Jewellery Emporium.
  9468 | D:7      | Upgraded the game from 0.29-a0-613-gf2c431b9b9 to
                  | 0.29-a0-617-g7a6b98fccd
  9471 | D:7      | Learned a level 2 spell: Sublimation of Blood
  9485 | D:8      | Found a hazy altar of Hepliaklqana.
  9487 | D:8      | Reached skill level 5 in Dodging
  9607 | D:8      | Reached XP level 10. HP: 59/59 MP: 18/22
  9691 | D:8      | Noticed a skeletal warrior
  9697 | D:8      | Offered knowledge of Sandblast by Vehumet.
  9700 | D:8      | Found a shimmering altar of Xom.
  9817 | D:8      | Reached ** piety under Vehumet
  9825 | D:8      | Reached skill level 6 in Dodging
 10038 | D:7      | Reached skill level 7 in Dodging
 10346 | D:8      | Found the +5 scythe "Finisher" {speed, eviscerate}
 10361 | D:8      | Identified the +0 ring mail of the Northern Lights {*Slow
                  | rF+++ rC+}
 10642 | D:8      | Found a hide-covered altar of Uskayaw.
 10691 | D:8      | Found a white marble altar of Elyvilon.
 10833 | D:8      | Killed a skeletal warrior
 10834 | D:8      | Reached skill level 9 in Dodging
 11512 | D:9      | Found a shimmering blue altar of Sif Muna.
 11519 | D:9      | Learned a level 1 spell: Necrotise
 11548 | D:9      | Noticed a two-headed ogre
 11556 | D:9      | Killed a two-headed ogre
 11557 | D:9      | Reached skill level 10 in Dodging
 12048 | D:10     | Entered Level 10 of the Dungeon
 12050 | D:10     | Reached skill level 11 in Dodging
 12157 | D:10     | Reached skill level 1 in Necromancy
 12157 | D:10     | Offered knowledge of Frozen Ramparts by Vehumet.
 12238 | D:10     | Learned a level 3 spell: Conjure Flame
 12309 | D:10     | Reached *** piety under Vehumet
 12446 | D:10     | Reached XP level 11. HP: 55/63 MP: 12/24
 13041 | D:10     | Found a staircase to the Lair.
 13053 | D:10     | Noticed Sonja
 13056 | D:10     | Killed Sonja
 13057 | D:10     | Reached skill level 10 in Spellcasting
 13371 | D:10     | Noticed a two-headed ogre
 13380 | D:10     | Offered knowledge of Olgreb's Toxic Radiance by Vehumet.
 13383 | D:10     | Killed a two-headed ogre
 13627 | D:10     | Found a sacrificial altar of Ru.
 13631 | D:10     | Found a burning altar of Makhleb.
 14168 | D:11     | Noticed a two-headed ogre
 14177 | D:11     | Killed a two-headed ogre
 14332 | D:11     | Reached **** piety under Vehumet
 14388 | D:11     | Offered knowledge of Lee's Rapid Deconstruction by Vehumet.
 14504 | D:11     | Found a staircase to the Orcish Mines.
 14703 | D:11     | Learned a level 4 spell: Flame Wave
 15266 | Lair:1   | Entered Level 1 of the Lair of Beasts
 15611 | Lair:1   | Identified the +0 pair of gloves of Broken Taboos {rF+
                  | Int-2 Dex+3}
 15679 | Lair:1   | Found a shimmering altar of Xom.
 15808 | Lair:1   | Noticed an eight-headed hydra
 15819 | Lair:1   | Killed an eight-headed hydra
 16056 | Lair:1   | Reached XP level 12. HP: 68/68 MP: 16/32
 16058 | Lair:1   | Reached skill level 15 in Spellcasting
 16460 | Lair:2   | Noticed a seven-headed hydra
 16468 | Lair:2   | Killed a seven-headed hydra
 16675 | Lair:2   | Noticed Amaemon
 16696 | Lair:2   | Killed Amaemon
 16828 | Lair:2   | Noticed a boulder beetle
 16860 | Lair:2   | Killed a boulder beetle
 17018 | Lair:2   | Found a staircase to the Snake Pit.
 17049 | Lair:2   | Noticed an eight-headed hydra
 17059 | Lair:2   | Killed an eight-headed hydra
 17311 | D:5      | Bought a Trismegistus Codex for 364 gold pieces
 17315 | D:5      | Learned a level 3 spell: Mephitic Cloud
 17321 | D:5      | Learned a level 5 spell: Freezing Cloud
 17387 | D:7      | Bought the amulet "Unkutucw" {Acrobat rF+ Dex+4} for 524
                  | gold pieces
 18245 | Lair:2   | Upgraded the game from 0.29-a0-617-g7a6b98fccd to
                  | 0.29-a0-830-gcb1280458a
 19512 | Lair:3   | Found a staircase to the Shoals.
 19719 | Lair:3   | Reached XP level 13. HP: 60/80 MP: 27/35
 20414 | Lair:4   | You fall into a shaft and drop 1 floor!
 20463 | Lair:4   | Reached ***** piety under Vehumet
 20464 | Lair:4   | Reached skill level 10 in Fighting
 20566 | Lair:4   | Learned a level 3 spell: Ignite Poison
 21474 | Lair:5   | Reached skill level 12 in Dodging
 21732 | Lair:5   | Reached skill level 13 in Dodging
 21796 | Lair:5   | Offered knowledge of Lightning Bolt by Vehumet.
 22817 | Lair:6   | Entered Level 6 of the Lair of Beasts
 22817 | Lair:6   | Found a viscous altar of Jiyva.
 22820 | Lair:6   | Reached skill level 14 in Dodging
 22821 | Lair:6   | Found a staircase to the Slime Pits.
 22891 | Lair:6   | Learned a level 5 spell: Lightning Bolt
 22966 | Lair:6   | Reached skill level 15 in Dodging
 23439 | Lair:6   | Reached skill level 16 in Dodging
 23652 | Lair:6   | Reached XP level 14. HP: 61/88 MP: 23/36
 23810 | Lair:6   | Identified the +1 chain mail of Inviolability {Dex+3}
 24532 | Lair:6   | Found an opulent altar of Gozag.
 24751 | Lair:6   | Got the Lessons on Accompaniment and Imprecation
 25066 | Orc:1    | Entered Level 1 of the Orcish Mines
 25095 | Orc:1    | Reached skill level 17 in Dodging
 25717 | Orc:2    | Entered Level 2 of the Orcish Mines
 25717 | Orc:2    | Found a runed translucent gate.
 25717 | Orc:2    | Found a runed translucent gate.
 25717 | Orc:2    | Found a runed translucent gate.
 25717 | Orc:2    | Found an opulent altar of Gozag.
 25719 | Orc:2    | Offered knowledge of Ozocubu's Refrigeration by Vehumet.
 25937 | Orc:2    | Upgraded the game from 0.29-a0-830-gcb1280458a to
                  | 0.29-a0-973-gac7da5f7f0
 25953 | Orc:2    | Found Imuz's Magic Scroll Emporium.
 26076 | Orc:2    | Bought a scroll of amnesia for 68 gold pieces
 26076 | Orc:2    | Bought a scroll of blinking for 127 gold pieces
 26088 | Orc:2    | Noticed Sylvie's ghost (journeyman FoFi)
 26565 | Orc:2    | Found a staircase to the Elven Halls.
 26594 | Orc:2    | Noticed Azrael
 26597 | Orc:2    | Reached skill level 18 in Dodging
 26598 | Orc:2    | Killed Azrael
 26604 | Elf:1    | Entered Level 1 of the Elven Halls
 26792 | Orc:2    | Upgraded the game from 0.29-a0-973-gac7da5f7f0 to
                  | 0.30-a0-49-g1cef19eb02
 26792 | Orc:2    | Quit the game

Illustrated notes

Levels and vault maps discovered:
D:1:      elethiomel_arrival_shortcut, layout_basic,
          shapermc_ecumenical_altar_petra
D:2:      minmay_inner_zag, layout_loops_ring, kennysheep_generic_room_9,
          uniq_natasha
D:3:      layout_loops_corners, minmay_misc_feat_iff, minmay_unequal,
          uniq_terence
D:4:      layout_rooms, serial_glass, glass_columns_a, glass_columns_a,
          dreamdust_gnoll_farm, uniq_grinder, uniq_duvessa
D:5:      layout_basic, minmay_temple_entry_proselytizer, serial_demonic,
          serial_demonic_f, serial_demonic_c, serial_demonic_a,
          serial_demonic_b, serial_shops, shop
D:6:      layout_basic, sword_in_stone
D:7:      layout_loops_corners, serial_shops, nicolae_shop_trees,
          nicolae_square_shop, kennysheep_mini, shop, uniq_pikel
D:8:      layout_cave_pools, elyvilon_altar_4, amcnicky_altar_gilded,
          lemuel_tele_altar, old_standard_altar,
          nicolae_concentric_dashed_squares_mild, minmay_guarded_unrand_finisher
D:9:      layout_irregular_city, lemuel_crystal_altar,
          hangedman_decor_diamond_cutter
D:10:     layout_roguey, nicolae_overflow_hidden_temple, erik_lair_island,
          item_on_display_a, uniq_sonja
D:11:     layout_roguey, erik_orc_1
Temple:   regret_index_temple_waves
Lair:1:   layout_gridlike, basic_altar, grunt_megastairs_3,
          infiniplex_staircase_pool_2, lemuel_fruit_fields
Lair:2:   layout_loops_ring, minmay_snake_entry_six_corridors, uniq_amaemon
Lair:3:   nzn_winding_woodlands_three_and_one [nzn_winding_woodlands_5x15_pool,
          nzn_winding_woodlands_5x15_crooked,
          nzn_winding_woodlands_5x15_pockets,
          nzn_winding_woodlands_center_lodge], layout_cellular_growth,
          elwin_shoals_entry_rocks
Lair:4:   layout_loops_ring, lemuel_fruit_tree
Lair:5:   layout_cave_pods, serial_bayou_pond_d
Lair:6:   minmay_lair_end_frog_pond, layout_gridlike, slime_entry_1,
          basic_altar, gammafunk_lair_bear_cave
Orc:1:    layout_diamond_mine, abandoned_shop, uniq_snorg, uniq_harold
Orc:2:    st_orc_elflike, layout_caves, ebering_ghost_gozag, basic_altar,
          serial_shops, shop_statue, uniq_azrael
Elf:1:    eino_elf_arrival_altar, layout_geoelf_grid, hangedman_corner_corridor

Skill      XL: |  1  2  3  4  5  6  7  8  9 10 11 12 13 14 |
---------------+-------------------------------------------+-----
Stealth        | 3 |  3.0
Spellcasting   | 4 5 6 7 14 16 | 16.0
Conjurations   | 5 6 7 9 12 13 | 13.0
Fighting       | 5 9 10 | 10.0
Dodging        | 5 11 16 18 | 18.3
Necromancy     | 4 |  4.0

Action                   |  1- 3 |  4- 6 |  7- 9 | 10-12 | 13-15 || total
-------------------------+-------+-------+-------+-------+-------++-------
Melee: Long sword        |       |     3 |       |     8 |       ||    11
       Punch             |       |       |       |     1 |       ||     1
 Cast: Magic Dart        |    60 |    31 |    96 |    64 |    90 ||   341
       Poisonous Vapours |     8 |    28 |    13 |     6 |    42 ||    97
       Searing Ray       |     4 |    22 |    48 |    64 |    51 ||   189
       Iskenderun's Myst |       |     1 |     3 |   106 |    74 ||   184
       Dazzling Flash    |       |     1 |       |       |       ||     1
       Fulminant Prism   |       |       |    16 |    63 |    12 ||    91
       Necrotise         |       |       |       |     2 |     2 ||     4
       Conjure Flame     |       |       |       |     4 |       ||     4
       Freezing Cloud    |       |       |       |    13 |    65 ||    78
       Sublimation of Bl |       |       |       |       |     8 ||     8
       Lightning Bolt    |       |       |       |       |    16 ||    16
       Ignite Poison     |       |       |       |       |     5 ||     5
Evoke: Wand              |       |       |       |     3 |       ||     3
  Use: Scroll            |       |       |    10 |    17 |       ||    27
       Potion            |       |       |       |     1 |       ||     1
 Stab: Invisible         |       |       |       |     1 |       ||     1
Armor: Robe              |       |     1 |    11 |    11 |     8 ||    31
Dodge: Dodged            |       |     7 |    27 |   106 |    76 ||   216

Table legend: (Time is in decaauts)
 A = Elapsed time spent in this place.
 B = Non-inter-level travel time spent in this place.
 C = Inter-level travel time spent in this place.
 D = Time resting spent in this place.
 E = Time spent auto-exploring this place.
 F = Levels seen in this place.
 G = Mean time per level.
                   A        B        C        D        E       F      G
               +--------+--------+--------+--------+--------+-----+--------+
         Total |  26895 |  25066 |   1829 |   9344 |  12518 |  21 | 1280.7 |
       Dungeon |  15789 |  14676 |   1113 |   5455 |   7394 |  11 | 1435.4 |
        Temple |    177 |    103 |     74 |      0 |     83 |   1 |  177.0 |
          Lair |   9471 |   8848 |    623 |   3178 |   4547 |   6 | 1578.5 |
  Orcish Mines |   1329 |   1312 |     17 |    586 |    493 |   2 |  664.5 |
   Elven Halls |    126 |    126 |      0 |    125 |      0 |   1 |  126.0 |
               +--------+--------+--------+--------+--------+-----+--------+

Top non-repeatable levels by time:
  Lair:3: 2188 daAuts
     D:7: 2078 daAuts
  Lair:6: 2069 daAuts
    D:11: 1896 daAuts
     D:2: 1678 daAuts
     D:3: 1590 daAuts
  Lair:5: 1482 daAuts
  Lair:2: 1469 daAuts
    D:10: 1394 daAuts
     D:5: 1322 daAuts
     D:9: 1313 daAuts
     D:6: 1301 daAuts
  Lair:1: 1288 daAuts
     D:1: 1137 daAuts
     D:8: 1062 daAuts
